Map: Ascension to Aiur LE

Players

PiLiPiLi - Winner!

  • Race: Protoss Protoss
  • Spawn Location: 5:00

PtitDrogo

  • Race: Protoss Protoss
  • Spawn Location: 11:00

Event: WCS Montreal 2017

VOD

Have the link to the VOD?

Description

Time

  • Played on: Sept. 8, 2017, 3:56 p.m.
  • Length: 6:43

All games in this series

Show
View Real Time Build Order
Export as new Build Order

PiLiPiLi Protoss - Winner!

Build Orders:  

Get SALT Encoding   

  12  0:00  Probe (Chrono Boost)  
  13  0:11  Probe (Chrono Boost)  
  14  0:18  Pylon  
  14  0:23  Probe (Chrono Boost)  
  15  0:36  Probe (Chrono Boost)  
  15  0:38  Gateway  
  16  0:47  Probe (Chrono Boost)  
  17  0:52  Assimilator  
  17  0:57  Probe (Chrono Boost)  
  17  0:58  Pylon  
  18  1:08  Assimilator, Probe (Chrono Boost)  
  19  1:12  Assimilator  
  19  1:19  Probe (Chrono Boost)  
  20  1:26  Cybernetics Core  
  20  1:30  Probe (Chrono Boost)  
  21  1:38  Pylon  
  21  1:40  Probe (Chrono Boost)  
  22  1:51  Probe (Chrono Boost)  
  23  2:02  Stalker (Chrono Boost)  
  23  2:03  Warp Gate (Chrono Boost)  
  25  2:10  Mothership Core  
  27  2:16  Pylon  
  27  2:29  Stalker (Chrono Boost)  
  29  2:32  Probe  
  30  2:41  Robotics Facility  
  30  2:44  Probe  
  31  2:58  Nexus  
  31  3:06  Pylon  
  31  3:08  Probe  
  32  3:16  Stalker  
  34  3:25  Gateway  
  33  3:39  Immortal (Chrono Boost)  
  36  3:48  Pylon  
  35  3:57  Gateway  
  35  4:06  Stalker  
  37  4:14  Immortal  
  41  4:30  Adept  
  43  4:31  Adept  
  44  4:39  Probe x2  
  46  4:51  Probe x2  
  47  4:55  Warp Prism  
  47  5:03  Probe x2  
  51  5:16  Sentry x3  
  57  5:23  Pylon  
  54  5:38  Stalker  
  54  5:40  Stalker x2  
  54  5:41  Probe (Chrono Boost)  
  60  5:44  Observer  
  60  5:47  Probe (Chrono Boost)  
  62  5:53  Probe (Chrono Boost)  
  63  6:02  Probe (Chrono Boost)  
  64  6:09  Adept  
  64  6:10  Adept x2  
  70  6:29  Adept  
  70  6:30  Adept  
  70  6:31  Stalker  
Show
View Real Time Build Order
Export as new Build Order

PtitDrogo Protoss 

Build Orders:  

Get SALT Encoding   

  12  0:01  Probe (Chrono Boost)  
  13  0:11  Probe (Chrono Boost)  
  14  0:17  Pylon  
  14  0:22  Probe (Chrono Boost)  
  15  0:35  Probe (Chrono Boost)  
  16  0:36  Gateway  
  16  0:42  Assimilator  
  16  0:46  Probe (Chrono Boost)  
  17  0:51  Assimilator  
  17  0:56  Probe (Chrono Boost)  
  18  1:07  Probe (Chrono Boost)  
  19  1:17  Probe (Chrono Boost)  
  20  1:19  Gateway  
  20  1:29  Cybernetics Core  
  20  1:33  Probe (Chrono Boost)  
  21  1:41  Pylon  
  21  1:44  Probe (Chrono Boost)  
  22  1:55  Probe (Chrono Boost)  
  23  2:06  Mothership Core (Chrono Boost)  
  23  2:07  Adept  
  23  2:08  Adept  
  29  2:17  Pylon  
  29  2:25  Warp Gate (Chrono Boost)  
  29  2:28  Probe (Chrono Boost)  
  30  2:40  Stalker  
  30  2:42  Probe  
  33  2:52  Assimilator  
  33  2:57  Pylon  
  33  2:58  Stalker  
  35  3:02  Probe  
  36  3:19  Gateway  
  36  3:20  Gateway  
  36  3:31  Stalker x2  
  40  3:38  Probe  
  41  3:47  Pylon  
  37  4:15  Adept x4  
  45  4:19  Pylon  
  45  4:30  Probe  
  42  4:41  Sentry  
  42  4:42  Sentry  
  44  4:49  Nexus  
  44  4:50  Pylon  
  40  4:55  Probe (Chrono Boost)  
  40  4:58  Adept x2  
  46  5:07  Probe (Chrono Boost)  
  44  5:15  Adept x2  
  44  5:17  Probe (Chrono Boost)  
  47  5:28  Probe (Chrono Boost)  
  46  5:38  Probe (Chrono Boost)  
  46  5:42  Stargate  
  45  5:49  Probe (Chrono Boost), Pylon  
  46  5:50  Pylon  
  46  5:55  Sentry  
  46  5:56  Adept  
  50  5:59  Probe (Chrono Boost)  
  50  6:02  Adept  
  53  6:05  Probe (Chrono Boost)  
  53  6:10  Probe (Chrono Boost)  
  55  6:16  Adept  
  57  6:21  Pylon  
  57  6:23  Adept x2  
  59  6:37  Adept  
Tags
 
Add a new tag
Caveats
  • Supply blocks, unpowered buildings, or Contaminate may cause inaccurate times.
  • Supply counts are checked every 10 seconds.